AoeStats
← mylove__

Nomad

507504271Analyzed
4v4 RM · 14d ago on Sep 18, 2026· 62m 15s· 8 players
Game mode
Random Map
Map size
231×231
Population
200
Speed
Normal
Resources
Standard
Victory
Conquest
Starting age
Dark Age
Ending age
Imperial Age
RankedLock teamsTeams togetherTeam positionsShared explorationLock speedFull tech treeHidden civsTurbo modeCheats
Victory
Defeat
🇨🇳 Magyars · China
1638
+10
🇨🇳 Mapuche · China
1597
+12
🇨🇳 Berbers · China
1537
+14
🇨🇳 Vietnamese · China
1460
+17
🇨🇳 Teutons · China
1587
-17
🇸🇪 Italians · Sweden
1500
-13
🇹🇷 Portuguese · Türkiye
1463
-12
🇨🇳 Vietnamese · China
1440
-11
网恋被骗50块
4:39 Loom
15:27 Feudal Age
16:30 Double-Bit Axe
16:40 Gold Mining
20:55 Castle Age
19:09 Forging
19:05 Scale Barding Armor
19:30 Bloodlines
19:25 Fishing Lines
19:32 Fishing Lines
20:42 Stone Mining
21:39 Town Watch
22:30 Wheelbarrow
22:49 Chain Barding Armor
23:05 Iron Casting
22:42 Gillnets
23:27 Bow Saw
22:58 Horse Collar
25:21 Gold Shaft Mining
25:24 Hand Cart
25:38 Husbandry
27:10 Heavy Plow
30:20 Fletching
31:34 Stone Shaft Mining
31:30 Padded Archer Armor
31:28 Bodkin Arrow
31:58 Kasbah
32:11 Murder Holes
32:37 Ballistics
32:46 Padded Archer Armor
32:35 Treadmill Crane
33:28 Thumb Ring
37:51 Imperial Age
38:04 Cavalier
39:22 Conscription
40:11 Hoardings
39:57 Leather Archer Armor
39:52 Bracer
40:57 Chemistry
40:08 Masonry
42:34 Ring Archer Armor
41:27 Light Cavalry
42:19 Hussar
43:16 Elite Genitour
48:03 Plate Barding Armor
48:32 Elite Camel Archer
52:12 Heavy Camel Rider
61:50 Maghrebi Camels
伟少
13:35 Feudal Age
13:46 Loom
14:43 Town Watch
18:00 Castle Age
25:24 Fletching
28:05 Double-Bit Axe
30:18 Horse Collar
30:25 Fishing Lines
35:08 Imperial Age
32:39 Gillnets
36:12 Onager
41:10 Capped Ram
42:18 Elite Fire Lancer
46:15 Scale Mail Armor
46:25 Forging
47:18 Guilds
51:53 Scale Mail Armor
52:04 Forging
52:50 Chain Mail Armor
53:28 Gold Mining
53:29 Stone Mining
54:00 Squires
54:48 Bow Saw
55:52 Plate Mail Armor
55:58 Iron Casting
56:46 Treadmill Crane
61:49 Chemistry
神秘人
5:06 Loom
13:44 Feudal Age
17:35 Town Watch
22:07 Bloodlines
22:04 Scale Barding Armor
23:40 Fletching
25:13 Double-Bit Axe
29:59 Wheelbarrow
35:40 Castle Age
39:17 Castle Age
38:18 Horse Collar
40:43 Hand Cart
40:30 Heavy Plow
40:46 Bow Saw
44:38 Stone Mining
44:39 Gold Mining
46:58 Gold Mining
47:10 Treadmill Crane
47:41 Masonry
47:51 Ballistics
47:27 Murder Holes
49:44 Chain Barding Armor
49:19 Bodkin Arrow
50:03 Gold Shaft Mining
51:26 Corvinian Army
55:11 Imperial Age
52:52 Husbandry
56:13 Conscription
55:14 Elite Magyar Huszar
56:45 Plate Barding Armor
old f1sh
13:34 Feudal Age
17:11 Castle Age
15:04 Double-Bit Axe
15:51 Gold Mining
16:41 Fletching
18:30 Bodkin Arrow
22:21 Padded Archer Armor
26:31 Loom
29:37 Bow Saw
29:07 Horse Collar
34:05 Imperial Age
31:23 Town Watch
34:00 Heavy Plow
34:56 Forging
35:13 Butalmapu
34:36 Onager
36:50 Conscription
38:30 Butalmapu
40:00 Leather Archer Armor
40:45 Butalmapu
41:17 Iron Casting
41:00 Siege Engineers
41:50 Caravan
42:21 Stone Mining
43:07 Gold Shaft Mining
45:32 Blast Furnace
46:10 Wheelbarrow
45:49 Elite Kona
dentist-44
10:44 Loom
12:59 Feudal Age
14:29 Double-Bit Axe
20:47 Castle Age
20:00 Fletching
21:10 Crossbowman
22:40 Bodkin Arrow
24:37 Bow Saw
26:26 Wheelbarrow
26:38 Gold Mining
29:05 Hand Cart
29:05 Padded Archer Armor
29:27 Ballistics
28:42 Pikeman
31:51 Fishing Lines
32:39 Gillnets
35:40 Scale Mail Armor
36:29 Gambesons
39:20 Imperial Age
38:52 Squires
40:05 Bloodlines
41:03 Medium Warships
41:45 Scale Barding Armor
41:50 Forging
43:06 Crenellations
43:45 Cavalier
44:47 Chain Barding Armor
45:38 Iron Casting
44:45 Halberdier
46:58 Conscription
48:30 Chain Mail Armor
50:49 Hoardings
51:05 Plate Barding Armor
51:30 Blast Furnace
51:32 Two-Man Saw
50:38 Stone Mining
53:06 Blast Furnace
52:10 Paladin
56:26 Plate Mail Armor
55:55 Capped Ram
Snitzelyd
5:01 Loom
13:02 Feudal Age
20:37 Fletching
23:21 Castle Age
44:10 Bodkin Arrow
57:36 Double-Bit Axe
64:39 Imperial Age
mylove__
4:57 Loom
5:05 Loom
13:48 Feudal Age
18:02 Castle Age
15:56 Double-Bit Axe
17:50 Fishing Lines
20:07 Bow Saw
19:40 Horse Collar
21:38 Heavy Plow
22:07 Gold Mining
22:11 Gillnets
23:14 Town Watch
24:08 Wheelbarrow
24:57 Stone Mining
27:54 Fletching
31:12 Imperial Age
32:34 Ballistics
33:15 Chemistry
32:53 Elite Organ Gun
34:02 Conscription
39:08 Scale Barding Armor
39:13 Forging
39:50 Bloodlines
39:40 Husbandry
40:03 Chain Barding Armor
40:57 Iron Casting
39:54 Light Cavalry
39:58 Cavalier
40:52 Circumnavigation
41:43 Plate Barding Armor
43:14 Blast Furnace
52:09 Bodkin Arrow
54:56 Two-Man Saw
55:44 Hand Cart
56:01 Crop Rotation
57:17 Bombard Tower
57:51 Murder Holes
58:08 Fortified Wall
赤道大变了
4:39 Loom
5:12 Loom
14:56 Feudal Age
19:14 Castle Age
17:45 Double-Bit Axe
21:47 Wheelbarrow
23:51 Wheelbarrow
23:36 Fletching
28:46 Horse Collar
30:11 Bodkin Arrow
30:46 Hand Cart
35:49 Imperial Age
33:47 Hand Cart
33:18 Town Watch
33:30 Gold Mining
33:46 Padded Archer Armor
34:33 Bow Saw
34:56 Leather Archer Armor
36:07 Ballistics
36:54 Bracer
38:33 Chemistry
41:06 Paper Money
42:00 Chatras
42:15 Scale Barding Armor
42:43 Ring Archer Armor
42:18 Scale Barding Armor
42:23 Forging
43:51 Bloodlines
43:41 Husbandry
45:22 Two-Man Saw
45:50 Iron Casting
47:45 Thumb Ring
48:43 Chain Barding Armor
51:09 Elite Battle Elephant
52:38 Elite Skirmisher
56:47 Murder Holes
61:24 Imperial Skirmisher
Connection lost

Rejoining the realm…

Still unreachable

The connection could not be restored.

Session expired

The server has moved on; the page needs a fresh start.